TOP OF THE 1ST |
Florida State University Seminoles batting - Pitching for Louisiana State University Tigers : LHP Dan Cunningham
|
Pitching: LHP Dan Cunningham
|
|
Batting: RHB Ray Johnson
|
0-0: SINGLE (Flyball, 9LS, EV 100.0 MPH)
|
Batting: LHB Simon Barry
|
0-0: Ball 1-0: Fly out, F9 (Line Drive, 9, EV 101.9 MPH)
|
Batting: RHB Israel Quinteros
|
0-0: Ball 1-0: Ball Ray Johnson steals 2nd base (no throw) 2-0: Ball 3-0: Foul Ball, location: 2F 3-1: Swinging Strike 3-2: Strikes out swinging
|
Batting: RHB Juan Nieves
|
0-0: Ball 1-0: Called Strike 1-1: SINGLE (Line Drive, 8RS, EV 98.8 MPH) Ray Johnson to third Runner from 3rd tries for Home, SAFE, throw by CF to home
|
Batting: RHB Juan Mercado
|
0-0: Swinging Strike 0-1: Foul Ball, location: 2F 0-2: Fly out, F7 (Flyball, 7LD, EV 93.8 MPH)
|
Top of the 1st over - 1 run, 2 hits, 0 errors, 1 left on base; Florida State University 1 - Louisiana State University 0 |
BOTTOM OF THE 1ST |
Louisiana State University Tigers batting - Pitching for Florida State University Seminoles : LHP Brent Edens
|
Pitching: LHP Brent Edens
|
|
Batting: LHB Dorian Oram
|
0-0: Ball 1-0: Ground out 5-3 (Groundball, 5, EV 106.2 MPH)
|
Batting: RHB Sandoval Serzedelo
|
0-0: Foul Ball, location: 2F 0-1: Ground out 6-3 (Groundball, 6MD, EV 102.5 MPH)
|
Batting: LHB Bob Govella
|
0-0: Called Strike 0-1: Foul Ball, location: 2F 0-2: Ball 1-2: Ball 2-2: SINGLE (Groundball, 5D, EV 103.8 MPH)
|
Batting: SHB Emmet Brickowski
|
0-0: Swinging Strike 0-1: Swinging Strike 0-2: Strikes out looking
|
Bottom of the 1st over - 0 runs, 1 hit, 0 errors, 1 left on base; Florida State University 1 - Louisiana State University 0 |
TOP OF THE 2ND |
Florida State University Seminoles batting - Pitching for Louisiana State University Tigers : LHP Dan Cunningham
|
Batting: RHB David Lucarelli
|
0-0: Ball 1-0: Ball 2-0: Ball 3-0: Base on Balls
|
Batting: RHB Jonathan Bruni
|
0-0: Ball 1-0: Ball 2-0: Grounds into double play, 6-4-3 (Groundball, 6, EV 103.8 MPH)
|
Batting: RHB Emilio Guerra
|
0-0: Ground out 4-3 (Groundball, 4M, EV 83.1 MPH)
|
Top of the 2nd over - 0 runs, 0 hits, 0 errors, 0 left on base; Florida State University 1 - Louisiana State University 0 |
BOTTOM OF THE 2ND |
Louisiana State University Tigers batting - Pitching for Florida State University Seminoles : LHP Brent Edens
|
Batting: SHB Oscar Barahona
|
0-0: Called Strike 0-1: Swinging Strike 0-2: Ground out 6-3 (Groundball, 6, EV 89.4 MPH)
|
Batting: RHB Jesse Sargent
|
0-0: Ball 1-0: DOUBLE (Flyball, 78XD, EV 107.5 MPH)
|
Batting: RHB Pete Roberts
|
0-0: Called Strike 0-1: Foul Ball, location: 2F 0-2: Ball 1-2: Strikes out looking
|
Batting: RHB Leo Roldan
|
0-0: SINGLE (Groundball, 6S, EV 95.6 MPH) Jesse Sargent to third Runner from 3rd tries for Home, SAFE, throw by CF to home
|
Batting: RHB Alfredo Padilla
|
0-0: Ball 1-0: Called Strike 1-1: Called Strike 1-2: Ball 2-2: Strikes out swinging
|
Bottom of the 2nd over - 1 run, 2 hits, 0 errors, 1 left on base; Florida State University 1 - Louisiana State University 1 |
TOP OF THE 3RD |
Florida State University Seminoles batting - Pitching for Louisiana State University Tigers : LHP Dan Cunningham
|
Batting: RHB Angel Lovato
|
0-0: Ball 1-0: Swinging Strike 1-1: Ball 2-1: SINGLE (Flyball, 56D, EV 86.9 MPH)
|
Batting: RHB Ray Johnson
|
0-0: SINGLE (Groundball, 6D, EV 98.1 MPH) Angel Lovato to second
|
Batting: LHB Simon Barry
|
0-0: Fielders Choice at 2nd, 4-6 (Groundball, 13, EV 89.4 MPH) Angel Lovato to third
|
Batting: RHB Israel Quinteros
|
0-0: Fly out, F2 (Popup, 2RF, EV 85.6 MPH)
|
Batting: RHB Juan Nieves
|
0-0: Foul Ball, location: 2F 0-1: Ball 1-1: Fly out, F9 (Flyball, 9D, EV 98.8 MPH)
|
Top of the 3rd over - 0 runs, 2 hits, 0 errors, 2 left on base; Florida State University 1 - Louisiana State University 1 |
BOTTOM OF THE 3RD |
Louisiana State University Tigers batting - Pitching for Florida State University Seminoles : LHP Brent Edens
|
Batting: LHB Dorian Oram
|
0-0: Foul Ball, location: 2F 0-1: Foul Ball, location: 2F 0-2: Hit by Pitch
|
Batting: RHB Sandoval Serzedelo
|
0-0: Called Strike 0-1: Fly out, F7 (Flyball, 78S, EV 93.1 MPH)
|
Batting: LHB Bob Govella
|
0-0: Fly out, F7 (Flyball, 78M, EV 91.9 MPH)
|
Batting: SHB Emmet Brickowski
|
0-0: Foul Ball, location: 2F 0-1: Swinging Strike 0-2: Ball 1-2: SINGLE (Groundball, 6MD, EV 101.2 MPH) Dorian Oram to second
|
Batting: SHB Oscar Barahona
|
0-0: Swinging Strike 0-1: Foul Ball, location: 2F 0-2: Reached on error, E6 (Groundball, 6, EV 83.8 MPH) Dorian Oram to third Emmet Brickowski to second
|
Batting: RHB Jesse Sargent
|
0-0: Ball 1-0: Called Strike 1-1: Ball 2-1: Ball 3-1: Base on Balls Dorian Oram scores Emmet Brickowski to third Oscar Barahona to second
|
Pitching: RHP Bao-qing Yei
|
|
Batting: RHB Pete Roberts
|
0-0: Ball 1-0: Ball 2-0: Called Strike 2-1: Fly out, F1 (Line Drive, P, EV 68.8 MPH)
|
Bottom of the 3rd over - 1 run, 1 hit, 1 error, 3 left on base; Florida State University 1 - Louisiana State University 2 |
TOP OF THE 4TH |
Florida State University Seminoles batting - Pitching for Louisiana State University Tigers : LHP Dan Cunningham
|
Batting: RHB Juan Mercado
|
0-0: Ball 1-0: Foul Ball, location: 2F 1-1: Ground out 4-3 (Groundball, 4, EV 96.9 MPH)
|
Batting: RHB David Lucarelli
|
0-0: Swinging Strike 0-1: Ground out 5-3 (Groundball, 56, EV 100.0 MPH)
|
Batting: RHB Jonathan Bruni
|
0-0: Ball 1-0: Foul Ball, location: 2F 1-1: Called Strike 1-2: Foul Ball, location: 2F 1-2: Foul Ball, location: 2F 1-2: Ground out 6-3 (Groundball, 6, EV 90.0 MPH)
|
Top of the 4th over - 0 runs, 0 hits, 0 errors, 0 left on base; Florida State University 1 - Louisiana State University 2 |
BOTTOM OF THE 4TH |
Louisiana State University Tigers batting - Pitching for Florida State University Seminoles : RHP Bao-qing Yei
|
Batting: RHB Leo Roldan
|
0-0: Ball 1-0: Ground out 3-1 (Groundball, 34, EV 94.4 MPH)
|
Batting: RHB Alfredo Padilla
|
0-0: Called Strike 0-1: Ball 1-1: Foul Ball, location: 2F 1-2: Foul Ball, location: 2F 1-2: Ball 2-2: SINGLE (Line Drive, 3L, EV 98.1 MPH)
|
Batting: LHB Dorian Oram
|
0-0: Ball 1-0: Called Strike 1-1: Ball Passed Ball! Alfredo Padilla to second 2-1: Foul Ball, location: 2F 2-2: SINGLE (Line Drive, 34D, EV 100.6 MPH) Alfredo Padilla to third
|
Batting: RHB Sandoval Serzedelo
|
0-0: Ball 1-0: Called Strike 1-1: Swinging Strike 1-2: Ball 2-2: Ball 3-2: Base on Balls Dorian Oram to second
|
Batting: LHB Bob Govella
|
0-0: Fly out, F6 (Flyball, 56D, EV 80.6 MPH)
|
Batting: SHB Emmet Brickowski
|
0-0: Fielders Choice at 2nd, 6-4 (Groundball, 6, EV 90.0 MPH)
|
Bottom of the 4th over - 0 runs, 2 hits, 0 errors, 3 left on base; Florida State University 1 - Louisiana State University 2 |
TOP OF THE 5TH |
Florida State University Seminoles batting - Pitching for Louisiana State University Tigers : LHP Dan Cunningham
|
Batting: RHB Emilio Guerra
|
0-0: Called Strike 0-1: Foul Ball, location: 2F 0-2: Ball 1-2: Ball 2-2: Strikes out looking
|
Batting: RHB Angel Lovato
|
0-0: SINGLE (Groundball, 4M, EV 100.0 MPH)
|
Batting: RHB Ray Johnson
|
0-0: Ball 1-0: Ball 2-0: Ball 3-0: Base on Balls Angel Lovato to second
|
Pitching: RHP Jim Unknown
|
|
Batting: LHB Simon Barry
|
0-0: Ball 1-0: Ball 2-0: Fly out, F7 (Flyball, 7D, EV 86.2 MPH)
|
Batting: RHB Israel Quinteros
|
0-0: Foul Ball, location: 2F 0-1: Ground out 4-3 (Groundball, 34, EV 88.1 MPH)
|
Top of the 5th over - 0 runs, 1 hit, 0 errors, 2 left on base; Florida State University 1 - Louisiana State University 2 |
BOTTOM OF THE 5TH |
Louisiana State University Tigers batting - Pitching for Florida State University Seminoles : RHP Bao-qing Yei
|
Batting: SHB Oscar Barahona
|
0-0: Called Strike 0-1: Ground out 4-3 (Groundball, 4, EV 86.2 MPH)
|
Batting: RHB Jesse Sargent
|
0-0: Ball 1-0: Reached on error, E6 (Groundball, 6, EV 105.6 MPH)
|
Batting: RHB Pete Roberts
|
0-0: Called Strike 0-1: Fly out, F9 (Flyball, 9LS, EV 92.5 MPH)
|
Batting: RHB Leo Roldan
|
0-0: Swinging Strike 0-1: Called Strike 0-2: Ball 1-2: Foul Ball, location: 2F 1-2: Strikes out swinging
|
Bottom of the 5th over - 0 runs, 0 hits, 1 error, 1 left on base; Florida State University 1 - Louisiana State University 2 |
TOP OF THE 6TH |
Florida State University Seminoles batting - Pitching for Louisiana State University Tigers : RHP Jim Unknown
|
Batting: RHB Juan Nieves
|
0-0: Ball 1-0: Ball 2-0: Called Strike 2-1: Swinging Strike 2-2: Ground out 3-1 (Groundball, 34, EV 92.5 MPH)
|
Batting: RHB Oscar Mora
|
0-0: Swinging Strike 0-1: Ball 1-1: Foul Ball, location: 2F 1-2: Foul Ball, location: 2F 1-2: Foul Ball, location: 2F 1-2: Ground out 5-3 (Groundball, 5, EV 105.6 MPH)
|
Batting: RHB David Lucarelli
|
0-0: SINGLE (Groundball, 4M, EV 104.4 MPH)
|
Batting: RHB Jonathan Bruni
|
0-0: Fielders Choice at 2nd, 6-4 (Groundball, 6, EV 87.5 MPH)
|
Top of the 6th over - 0 runs, 1 hit, 0 errors, 1 left on base; Florida State University 1 - Louisiana State University 2 |
BOTTOM OF THE 6TH |
Louisiana State University Tigers batting - Pitching for Florida State University Seminoles : RHP Bao-qing Yei
|
Batting: RHB Alfredo Padilla
|
0-0: Ball 1-0: Called Strike 1-1: Fly out, F9 (Flyball, 89XD, EV 105.0 MPH)
|
Batting: LHB Dorian Oram
|
0-0: Swinging Strike 0-1: Called Strike 0-2: Ball 1-2: Ball 2-2: Ball 3-2: SINGLE (Groundball, 56S, EV 67.5 MPH) (infield hit)
|
Pitching: LHP Jim Unknown
|
|
Batting: RHB Sandoval Serzedelo
|
0-0: SINGLE (Line Drive, 56D, EV 105.6 MPH) Dorian Oram to second
|
Batting: LHB Bob Govella
|
0-0: Foul Ball, location: 2F 0-1: Foul Ball, location: 2F 0-2: Foul Ball, location: 2F 0-2: Fly out, F7 (Flyball, 78M, EV 74.4 MPH)
|
Batting: SHB Emmet Brickowski
|
0-0: Ball 1-0: Ball 2-0: SINGLE (Line Drive, 6MD, EV 100.0 MPH) Dorian Oram to third Sandoval Serzedelo to second
|
Batting: SHB Oscar Barahona
|
0-0: Ball 1-0: Ball 2-0: Ball 3-0: Base on Balls Dorian Oram scores Sandoval Serzedelo to third Emmet Brickowski to second
|
Batting: RHB Jesse Sargent
|
0-0: Called Strike 0-1: Ball 1-1: Ball 2-1: Swinging Strike 2-2: Ball Wild Pitch! Sandoval Serzedelo scores Emmet Brickowski to third Oscar Barahona to second 3-2: Base on Balls
|
Batting: RHB Pete Roberts
|
0-0: Ball 1-0: Fielders Choice at 2nd, 5-4 (Groundball, 56, EV 81.2 MPH)
|
Bottom of the 6th over - 2 runs, 3 hits, 0 errors, 3 left on base; Florida State University 1 - Louisiana State University 4 |
TOP OF THE 7TH |
Florida State University Seminoles batting - Pitching for Louisiana State University Tigers : RHP Jim Unknown
|
Pinch Hitting: LHB Tu-fu Hang
|
0-0: Foul Ball, location: 2F 0-1: Ball 1-1: Fly out, F9 (Flyball, 89D, EV 99.4 MPH)
|
Batting: RHB Angel Lovato
|
0-0: Ball 1-0: Ball 2-0: Ground out 4-3 (Groundball, 4, EV 101.2 MPH)
|
Batting: RHB Ray Johnson
|
0-0: Ball 1-0: Called Strike 1-1: Ball 2-1: Called Strike 2-2: Ball 3-2: Base on Balls
|
Batting: LHB Simon Barry
|
0-0: Ball 1-0: Called Strike 1-1: Called Strike Ray Johnson is caught stealing 2nd base 2-6
|
Top of the 7th over - 0 runs, 0 hits, 0 errors, 0 left on base; Florida State University 1 - Louisiana State University 4 |
BOTTOM OF THE 7TH |
Louisiana State University Tigers batting - Pitching for Florida State University Seminoles : LHP Jim Unknown
|
Now in CF: Tu-fu Hang
|
|
Batting: RHB Leo Roldan
|
0-0: Ball 1-0: Ball 2-0: Ball 3-0: Called Strike 3-1: SINGLE (Groundball, 6D, EV 102.5 MPH)
|
Batting: RHB Alfredo Padilla
|
0-0: Ball Leo Roldan is caught stealing 2nd base 2-4 1-0: Ground out 5-3 (Groundball, 56, EV 88.1 MPH)
|
Batting: LHB Dorian Oram
|
0-0: Foul Ball, location: 2F 0-1: Ball 1-1: Called Strike 1-2: Foul Ball, location: 2F 1-2: SINGLE (Line Drive, 78S, EV 105.0 MPH)
|
Batting: RHB Sandoval Serzedelo
|
0-0: Foul Ball, location: 2F 0-1: Ball 1-1: SINGLE (Groundball, 6MD, EV 98.1 MPH) Dorian Oram to second Runner from 2nd tries for 3rd, SAFE, throw by CF made to third
|
Batting: LHB Bob Govella
|
0-0: Hit by Pitch Sandoval Serzedelo to second
|
Batting: SHB Emmet Brickowski
|
0-0: DOUBLE (Flyball, 8LD, EV 92.5 MPH) Dorian Oram scores Sandoval Serzedelo scores Bob Govella to third
|
Batting: SHB Oscar Barahona
|
0-0: Ball 1-0: Swinging Strike 1-1: Foul Ball, location: 2F 1-2: Ground out 6-3 (Groundball, 6, EV 90.6 MPH)
|
Bottom of the 7th over - 2 runs, 4 hits, 0 errors, 2 left on base; Florida State University 1 - Louisiana State University 6 |
TOP OF THE 8TH |
Florida State University Seminoles batting - Pitching for Louisiana State University Tigers : RHP Jim Unknown
|
Batting: LHB Simon Barry
|
0-0: Ball 1-0: Ball 2-0: Called Strike 2-1: Called Strike 2-2: Foul Ball, location: 2F 2-2: Ball 3-2: Foul Ball, location: 2F 3-2: Foul Ball, location: 2F 3-2: Base on Balls
|
Batting: RHB Israel Quinteros
|
0-0: Ball 1-0: Ball 2-0: Called Strike 2-1: Ball 3-1: Base on Balls Simon Barry to second
|
Batting: RHB Juan Nieves
|
0-0: Foul Ball, location: 2F 0-1: Ball 1-1: Ball 2-1: Ball 3-1: Base on Balls Simon Barry to third Israel Quinteros to second
|
Batting: RHB Jayden Lindsey
|
0-0: Ball 1-0: Reached on error, E6 (Groundball, 6, EV 93.1 MPH) Simon Barry scores Israel Quinteros to third Juan Nieves to second
|
Batting: RHB David Lucarelli
|
0-0: Called Strike 0-1: Ball 1-1: Swinging Strike 1-2: Strikes out swinging
|
Batting: RHB Jonathan Bruni
|
0-0: Ball 1-0: SINGLE (Groundball, 6M, EV 100.6 MPH) Israel Quinteros scores Juan Nieves to third Jayden Lindsey to second Runner from 3rd tries for Home, throw by CF and OUT! 8-2
|
Batting: LHB Tu-fu Hang
|
0-0: Swinging Strike 0-1: Fly out, F6 (Popup, 6M, EV 68.1 MPH)
|
Top of the 8th over - 2 runs, 1 hit, 1 error, 2 left on base; Florida State University 3 - Louisiana State University 6 |
BOTTOM OF THE 8TH |
Louisiana State University Tigers batting - Pitching for Florida State University Seminoles : LHP Jim Unknown
|
Batting: RHB Jesse Sargent
|
0-0: Called Strike 0-1: Ball 1-1: Ball 2-1: Ground out 4-3 (Groundball, 34, EV 103.1 MPH)
|
Batting: RHB Pete Roberts
|
0-0: Ball 1-0: Fly out, F7 (Flyball, 78S, EV 91.2 MPH)
|
Batting: RHB Leo Roldan
|
0-0: Foul Ball, location: 2F 0-1: Ball 1-1: Swinging Strike 1-2: Foul Ball, location: 2F 1-2: SINGLE (Groundball, 4D, EV 95.6 MPH)
|
Batting: RHB Alfredo Padilla
|
0-0: Called Strike 0-1: Swinging Strike 0-2: DOUBLE (Groundball, 3L, EV 98.1 MPH) Leo Roldan to third Runner from 3rd tries for Home, SAFE, throw by RF to trailing runner, SAFE at third!
|
Batting: LHB Dorian Oram
|
0-0: Called Strike 0-1: Ground out 1-3 (Groundball, 15, EV 68.8 MPH)
|
Bottom of the 8th over - 1 run, 2 hits, 0 errors, 1 left on base; Florida State University 3 - Louisiana State University 7 |
TOP OF THE 9TH |
Florida State University Seminoles batting - Pitching for Louisiana State University Tigers : RHP Jim Unknown
|
Pitching: LHP Jim Unknown
|
|
Batting: RHB Angel Lovato
|
0-0: Ball 1-0: Ball 2-0: Ball 3-0: Base on Balls
|
Batting: RHB Ray Johnson
|
0-0: Called Strike 0-1: Called Strike 0-2: SINGLE (Groundball, 6MD, EV 102.5 MPH) Angel Lovato to second
|
Pinch Hitting: RHB Mick Vaught
|
0-0: Ball 1-0: Fielders Choice at 2nd, 5-4 (Groundball, 5, EV 80.0 MPH) Angel Lovato to third
|
Batting: RHB Israel Quinteros
|
0-0: SINGLE (Groundball, 34D, EV 100.6 MPH) Angel Lovato scores Mick Vaught to second
|
Batting: RHB Juan Nieves
|
0-0: Ball 1-0: Called Strike 1-1: Ball 2-1: Ball 3-1: Base on Balls Mick Vaught to third Israel Quinteros to second
|
Batting: RHB Jayden Lindsey
|
0-0: Ball 1-0: Swinging Strike 1-1: Called Strike 1-2: Strikes out looking
|
Batting: RHB David Lucarelli
|
0-0: Fly out, F7 (Line Drive, 7, EV 100.0 MPH)
|
Top of the 9th over - 1 run, 2 hits, 0 errors, 3 left on base; Florida State University 4 - Louisiana State University 7 |
|